 Dungeon Crawl Stone Soup version 0.32-a0-540-g866d13106e (webtiles) character file.

Game seed: 7114876274985195382

1556955 AutarchDCSS the Slayer (level 25, 156/225 HPs)
             Began as a Grey Draconian Monk on Feb 28, 2024.
             Was the Champion of Hepliaklqana.
             Escaped with the Orb
             ... and 3 runes!
             The game lasted 03:01:50 (76903 turns).

AutarchDCSS the Slayer (Grey Draconian Monk)       Turns: 76903, Time: 03:01:51

Health: 156/225    AC: 29    Str: 15    XL:     25   Next: 48%
Magic:  29/29      EV: 30    Int: 11    God:    Hepliaklqana [******]
Gold:   2860       SH: 31    Dex: 24    Spells: 30/32 levels left

rFire   + . .        l - +8 autumn katana {manifold assault}
rCold   . . .        f - +5 tower shield {AC+3}
rNeg    . . .        (body armour unavailable)
rPois   +            c - +2 hat
rElec   +            O - +2 cloak {Will+}
rCorr   +            M - +0 pair of gloves "Houn" {-Cast rElec Regen+}
SInv    +            r - +2 pair of boots {rampage}
Will    ++...        i - amulet of regeneration
Stlth   +            v - ring of protection from fire
HPRegen 2.17/turn    y - ring "Sagous" {rPois rCorr SInv}
MPRegen 0.21/turn

%: no spellcasting, rampage
@: hasted, studying 2 skills, very quick
A: reduced essence, mud breath, mud-swimmer, AC +17, amphibious, unfitting
armour, cold-blooded, antennae 1, screaming 1
0: Orb of Zot
}: 3/15 runes: serpentine, barnacled, slimy
a: Mud Breath, Renounce Religion, Recall Ancestor, Ancestor Identity,
Transference, Idealise


You escaped.
You worshipped Hepliaklqana.
Hepliaklqana was exalted by your worship.
You visited 10 branches of the dungeon, and saw 51 of its levels.
You visited the Abyss 1 time.
You also visited: Bailey and Gauntlet.

You collected 6476 gold pieces.
You spent 3616 gold pieces at shops.

Inventory:

Hand Weapons
 a - the +4 double sword "Hyufat" {spect, rElec rF+}
   (You acquired it on level 9 of the Dungeon)

   rF+:       It protects you from fire.
   rElec:     It insulates you from electricity.
 b - the +8 demon blade "Leech" {evervamp, Harm ^Drain rN+}
   (You found it on level 4 of the Lair of Beasts)

   rN+:       It protects you from negative energy.
   ^Drain:    It drains your maximum health when unequipped.
   Harm:      It increases damage dealt and taken.
 l - the +8 autumn katana (weapon) {manifold assault}
   (You acquired it on level 1 of the Realm of Zot)
Missiles
 j - 23 silver javelins (quivered)
 o - 19 javelins
 P - 8 throwing nets
 S - 47 boomerangs
 T - 2 curare-tipped darts
Armour
 c - a +2 hat (worn)
 f - a +5 tower shield of protection (worn)
 r - a +2 pair of boots of rampaging (worn)
 M - the +0 pair of gloves "Houn" (worn) {-Cast rElec Regen+}
   (You found it in a Gauntlet)

   rElec:     It insulates you from electricity.
   -Cast:     It prevents spellcasting.
   Regen+:    It increases your rate of health regeneration.
 O - a +2 cloak of willpower (worn)
 Y - the +3 hat of Pondering {ponderous, Will+ MP+10 Int+5}
   (You took it off Gastronok on level 2 of the Lair of Beasts)

   Int+5:     It affects your intelligence (+5).
   Will+:     It increases your willpower.
   MP+10:     It affects your magic capacity (+10).
Jewellery
 i - an amulet of regeneration (around neck)
 v - a ring of protection from fire (left hand)
 y - the ring "Sagous" (right hand) {rPois rCorr SInv}
   (You acquired it on level 1 of the Vaults)

   [ring of resist corrosion]

   rPois:     It protects you from poison SInv: It lets you see invisible.
   rCorr:     It protects you from acid and corrosion.
 L - a +4 ring of protection
Wands
 d - a wand of polymorph (36)
 x - a wand of light (24)
 B - a wand of warping (56)
 C - a wand of charming (67)
 I - a wand of digging (31)
 U - a wand of mindburst (44)
Scrolls
 e - a scroll of blinking
 g - 3 scrolls of revelation
 m - 10 scrolls of teleportation
 q - 3 scrolls of silence
 K - 7 scrolls of immolation
 N - 5 scrolls of summoning
 R - a scroll of brand weapon
 X - 4 scrolls of fear
Potions
 k - 2 potions of magic
 p - 16 potions of lignification
 t - 13 potions of mutation
 u - 10 potions of invisibility
 w - 16 potions of curing
 z - 8 potions of resistance
 A - a potion of heal wounds
 D - 8 potions of enlightenment
 E - a potion of cancellation
 F - 2 potions of berserk rage
 H - 3 potions of brilliance
 J - a potion of haste
 Q - 9 potions of might
Miscellaneous
 h - a phial of floods
 n - a sack of spiders (inert)
 G - a lightning rod (4/4)
 V - a condenser vane
 W - a phantom mirror


   Skills:
 + Level 25.6 Fighting
 - Level 18.3 Long Blades
 - Level 7.0 Maces & Flails
 - Level 14.0 Throwing
 - Level 20.1 Dodging
 - Level 24.0 Shields
 - Level 4.0 Spellcasting
 - Level 6.0 Translocations
 - Level 7.0 Invocations
 - Level 10.0 Evocations


You had 30 spell levels left.
You knew the following spells:

 Your Spells              Type           Power      Damage    Failure   Level
a - Blink                 Tloc           30%        N/A       4%          2

Your spell library contained the following spells:

 Spells                   Type           Power      Damage    Failure   Level
 Apportation              Tloc           30%        N/A       2%          1
 Lesser Beckoning         Tloc           30%        N/A       4%          2
 Gell's Gravitas          Tloc           15%        N/A       9%          3
 Teleport Other           Tloc           15%        N/A       9%          3
 Momentum Strike          Conj/Tloc      16%        3d8       14%         2
 Passage of Golubria      Tloc           15%        N/A       26%         4
 Volatile Blastmotes      Fire/Tloc      16%        2d11      28%         3
 Foxfire                  Conj/Fire      8%         2x1d4     32%         1
 Kiss of Death            Conj/Necr      8%         2d6       32%         1
 Magic Dart               Conj           8%         1d3       32%         1
 Slow                     Hex            8%         N/A       32%         1
 Sting                    Conj/Alch      8%         1d3       32%         1
 Call Imp                 Summ           4%         N/A       43%         2
 Cigotuvi's Dreadful Rot  Necr/Alch/Air  4%         N/A       43%         2
 Jinxbite                 Hex            4%         N/A       43%         2
 Mercury Vapours          Alch/Air       4%         N/A       43%         2
 Searing Ray              Conj           4%         2d4       43%         2
 Static Discharge         Conj/Air       4%         3-4/arc   43%         2
 Sublimation of Blood     Necr           2%         N/A       43%         2
 Confusing Touch          Hex            2%         N/A       67%         3
 Frozen Ramparts          Ice            4%         1d1       67%         3
 Hailstorm                Conj/Ice       2%         3d5       67%         3
 Inner Flame              Hex/Fire       2%         N/A       67%         3
 Mephitic Cloud           Conj/Alch/Air  2%         N/A       67%         3
 Sigil of Binding         Hex            2%         N/A       67%         3
 Summon Ice Beast         Ice/Summ       2%         N/A       67%         3
 Tukima's Dance           Hex            2%         N/A       67%         3
 Vampiric Draining        Necr           2%         2d6       67%         3
 Vhi's Electric Charge    Tloc/Air       16%        N/A       67%         4
 Summon Forest            Summ/Tloc      4%         N/A       95%         5
 Anguish                  Hex/Necr       1%         N/A       97%         4
 Brom's Barrelling Bould  Conj/Erth      2%         2d3       97%         4
 Cause Fear               Hex            1%         N/A       97%         4
 Dispel Undead            Necr           2%         3d7       97%         4
 Fulminant Prism          Conj/Alch      1%         3d5       97%         4
 Ignite Poison            Fire/Alch      2%         N/A       97%         4
 Leda's Liquefaction      Alch/Erth      1%         N/A       97%         4
 Martyr's Knell           Necr/Summ      2%         N/A       97%         4
 Olgreb's Toxic Radiance  Alch           2%         N/A       97%         4
 Petrify                  Alch/Erth      2%         N/A       97%         4
 Summon Blazeheart Golem  Fire/Summ      2%         N/A       97%         4
 Alistair's Intoxication  Alch           1%         N/A       100%        5
 Arcjolt                  Conj/Air       1%         1d11      100%        5
 Fireball                 Conj/Fire      1%         3d3       100%        5
 Freezing Cloud           Conj/Ice/Air   1%         6-21      100%        5
 Irradiate                Conj/Alch      1%         3d12      100%        5
 Iskenderun's Battlesphe  Conj           2%         2d6       100%        5
 Metabolic Englaciation   Hex/Ice        1%         N/A       100%        5
 Silence                  Hex/Air        1%         N/A       100%        5
 Summon Mana Viper        Hex/Summ       2%         N/A       100%        5
 Yara's Violent Unravell  Hex/Alch       1%         3d3       100%        5
 Conjure Ball Lightning   Conj/Air       1%         3x3d6     100%        6
 Death Channel            Necr           1%         N/A       100%        6
 Plasma Beam              Fire/Air       1%         2x1d11    100%        6
 Sculpt Simulacrum        Ice/Alch       1%         N/A       100%        6
 Starburst                Conj/Fire      1%         6d3       100%        6
 Summon Cactus Giant      Summ           1%         N/A       100%        6
 Enfeeble                 Hex            1%         N/A       100%        7
 Haunt                    Necr/Summ      1%         N/A       100%        7
 Malign Gateway           Summ/Tloc      4%         N/A       100%        7
 Orb of Destruction       Conj           1%         9d5       100%        7
 Ozocubu's Refrigeration  Ice            1%         4d7       100%        7
 Spellforged Servitor     Conj/Summ      1%         N/A       100%        7
 Summon Hydra             Summ           1%         N/A       100%        7
 Borgnjor's Revivificati  Necr           1%         N/A       100%        8
 Lehudib's Crystal Spear  Conj/Erth      1%         10d2      100%        8
 Summon Horrible Things   Summ           1%         N/A       100%        8
 Chain Lightning          Conj/Air       1%         3d1       100%        9
 Death's Door             Necr           1%         N/A       100%        9
 Dragon's Call            Summ           1%         N/A       100%        9
 Fire Storm               Conj/Fire      1%         7d1       100%        9
 Polar Vortex             Ice            1%         N/A       100%        9
 Shatter                  Erth           1%         3d5*      100%        9


Dungeon Overview and Level Annotations

Branches:
Dungeon (15/15)            Temple (0/1) D:6            Lair (5/5) D:9
 Shoals (4/4) Lair:2        Snake (4/4) Lair:2        Slime (5/5) Lair:4
    Orc (2/2) D:9             Elf (3/3) Orc:2        Vaults (4/5) D:14
  Crypt (0/3) Vaults:3     Depths (4/4) D:15            Zot (5/5) Depths:4
 Bailey (visited)         Gauntlet (visited)

Altars:
Elyvilon
Hepliaklqana
Kikubaaqudgha
Nemelex Xobeh
Uskayaw
Zin
The Shining One
Beogh
Jiyva

Shops:
D:5 (   D:6 =   D:8 [   D:12 ?   Orc:2 *?:[   Elf:2 *   Snake:2 *   Snake:3 (*
Vaults:1 **[   Vaults:3 *   Depths:1 !=   Depths:3 :=:

Portals:
Hell: Depths:1 Depths:2 Depths:3 Depths:4
Abyss: Depths:2 Depths:3
Pandemonium: Orc:2 Depths:2 Depths:3 Depths:4
Ziggurat: Depths:3

Annotations:
D:14 6 transporters
Shoals:3 3 runed translucent doors, Xacloem's ghost, adept OnFE
Depths:3 exclusion: 2 daevas


Innate Abilities, Weirdness & Mutations

Your life essence is reduced to manifest your ancestor. (-10% HP)
You can breathe torrents of mud.
You are unimpeded by mud.
Your dull iron-grey scales are very hard. (AC +17)
You are amphibious.
You cannot fit into any form of body armour.
You are cold-blooded and may be slowed by cold attacks.
You have a pair of small antennae on your head.
You occasionally shout uncontrollably at your foes.


Message History

Jusk attacks as it pursues you! You block Jusk's attack. x2
Jusk hits you!! Jusk burns you. You block Jusk's attack.
You block Jusk's attack. You block Jusk's attack.
Blink to where?
Press: ? - help, Dir - move target
As you read the scroll of blinking, it crumbles to dust.
Jusk enters a dispersal trap!
You blink.
Jusk enters a dispersal trap!
You blink.
Jusk barely misses you.
Aiming: Dig
Press: ? - help, Shift-Dir - straight line, f - you Please select a direction to dig.
This square is covered in magical glow.
Okay, then.
Unknown command.
You feel yourself speed up. Jusk hits you! Jusk burns you. Jusk misses you.
You block Jusk's attack. You block Jusk's attack. You block Jusk's attack.
Jusk bursts into living lightning!
The living lightning misses you.
Jusk blinks!
You open the door.
A balrug and 4 sun demons come into view.
The balrug is wielding a +0 demon whip of venom.
You yell at the sun demon!
The sun demon shouts! x3
Jusk hits you! Jusk burns you.
Jusk bursts into living lightning!
The living lightning hits you. You resist.
Jusk blinks!
The balrug moves out of view.
The sun demon moves out of view. x2
Jusk attacks as it pursues you! Jusk hits you!
There is an open door, spattered with blood here.
Blink to where?
Press: ? - help, Dir - move target
As you read the scroll of blinking, it crumbles to dust.
You block the sun demon's attack. The sun demon misses you.
You block the sun demon's attack.
You have escaped!

# ##.## #.......# ###§.#..♣### #
#..# ###&♣##.# ##&#..# # #.##
#~##.### #.#..# # #.#
#♣###♣.♣.###♣# #.#..# ###.#
#≈...........♣ #.#..# ..#.##
♣~......[....# #§#).♣### .....#
#♣~..#######..# #§#...... .##.##
#~♣..#.....#..♣♣ #§#§.....
..#.###♣≈...'2.3@.#...#♣#§§######
..#....#.#..#.P33.#..#.♣#§##
..#.##..♣...#...3.#...♣≈#§#
#...####♣#..#.P.&.#..♣♣##§# #####
#≈..###§###§.♣ #.# ♣♣...........♣
##§# ♣...........###§§#
##♣##.♣.♣##♣.§§§## ♣♣.♣♣ ##.###


You could see Jusk, a balrug and 4 sun demons.

Vanquished Creatures
  the Royal Jelly (Slime:5)
  An orb of fire (Zot:5)
  A Killer Klown (Zot:5)
  Vashnia (Snake:4)
  4 curse toes
  10 golden dragons
  Nikola (Snake:4)
  2 bone dragons
  3 electric golems
  Jorgrun (D:13)
  A Brimstone Fiend (D:4)
  A lich (Depths:2)
  2 walking crystal tomes (Depths:4)
  13 Orb Guardians (Zot:5)
  8 tentacled monstrosities
  A deep elf blademaster (Elf:3)
  2 walking earthen tomes (Depths:4)
  2 deep elf master archers (Elf:3)
  3 sphinxes
  An ancient champion (Vaults:3)
  7 quicksilver dragons
  A titan (Depths:2)
  Polyphemus (Shoals:3)
  10 death cobs
  19 acid blobs
  A tentacled starspawn (Abyss:3)
  Gastronok (Lair:2)
  4 tengu reavers
  4 shadow dragons
  6 storm dragons
  11 azure jellies
  2 nagarajas
  4 draconian knights
  Aizul (Snake:1)
  5 draconian monks
  A fire giant (Depths:3)
  A daeva (Zot:3)
  7 deep elf sorcerers
  2 rockslimes (Slime:5)
  5 protean progenitors
  3 draconian shifters
  2 orc warlords
  3 draconian scorchers
  A ghost moth (Zot:4)
  5 frost giants
  2 balrugs
  7 vault wardens
  4 deep elf elementalists (Elf:3)
  3 angels
  2 draconian annihilators
  9 quicksilver oozes
  3 draconian stormcallers
  8 very ugly things
  2 spriggan defenders (Depths:4)
  A reaper (Depths:3)
  13 ironbound preservers
  14 stone giants
  A demonspawn blood saint (D:11)
  A broodmother (Zot:3)
  6 green draconians
  5 ironbound thunderhulks
  A formless jellyfish (Vaults:4)
  2 apis (Shoals:4)
  2 vampire knights (Depths:4)
  10 black draconians
  A minotaur (Gauntlet)
  A war gargoyle (Vaults:1)
  6 red draconians
  A lorocyproca (Depths:3)
  A bunyip (Zot:4)
  5 purple draconians
  2 deep elf demonologists (Elf:3)
  A deep elf death mage (Elf:3)
  6 white draconians
  A dire elephant (Lair:5)
  Azrael (D:14)
  16 spark wasps
  5 yellow draconians
  3 ettins
  7 deep elf annihilators
  A crystal guardian (Vaults:1)
  Snorg (D:14)
  9 yaktaur captains
  3 deep elf high priests (Elf:3)
  2 entropy weavers
  6 merfolk impalers
  4 fire dragons
  7 ice dragons
  A rakshasa (Depths:1)
  6 merfolk javelineers
  2 hydras
  3 salamander tyrants
  A peacekeeper (Vaults:1)
  An ogre mage (D:15)
  18 centaur warriors
  9 great orbs of eyes
  An alligator snapping turtle (Shoals:4)
  5 spriggan air magi
  5 merfolk avatars
  2 catoblepae
  4 vault guards
  3 boulder beetles
  Erica (D:8)
  3 two-headed ogres (D:15)
  5 merfolk aquamancers
  2 demonspawn (Orc:2)
  7 anacondas
  23 dancing weapons
  6 tengu warriors
  8 ironbound frosthearts
  2 radroaches (Zot:4)
  11 death yaks
  2 satyrs
  5 deep troll shamans
  2 spriggan berserkers
  5 orc high priests
  2 demonic crawlers
  11 naga warriors
  11 naga sharpshooters
  6 hell knights (Depths:3)
  2 sun demons (Depths:1)
  An occultist (Depths:3)
  6 shock serpents
  4 iron trolls
  A titan skeleton (Vaults:3)
  10 deep elf knights
  24 skeletal warriors
  2 cherubim
  A large abomination (Abyss:3)
  A sixfirhy (Depths:3)
  A flayed ghost (Depths:2)
  5 skysharks
  11 salamander mystics
  A goliath frog (Zot:4)
  8 mana vipers
  3 arcanists
  A shadow demon (Zot:5)
  A glowing orange brain (shapeshifter) (Elf:2)
  47 deep trolls
  12 sea snakes
  8 glowing orange brains
  5 naga ritualists
  7 thermic dynamos
  6 deep elf archers
  12 ironbound convokers
  10 necromancers
  12 orc knights
  23 deep elf zephyrmancers
  5 phantasmal warriors
  7 orc sorcerers
  19 deep elf pyromancers
  20 harpies
  7 lindwurms
  A wolf spider (D:13)
  2 lindwurms (shapeshifter) (Elf:2)
  11 cyclopes
  22 moths of wrath
  4 shining eyes
  18 ugly things
  11 fauns
  11 manticores
  A salamander (shapeshifter) (Elf:2)
  2 oklob plants (Lair:4)
  5 kobold blastminers (Orc:2)
  20 elephants
  5 meliai
  10 naga magi
  2 eyes of devastation
  2 apocalypse crabs (Abyss:3)
  6 merfolk sirens
  11 vault sentinels
  A meliai (shapeshifter) (D:13)
  16 salamanders
  5 guardian serpents (Snake:4)
  3 smoke demons
  A stone giant skeleton (Vaults:3)
  34 black mambas
  2 orange demons (Orc:2)
  4 gargoyles
  14 cane toads
  2 water nymphs
  2 unseen horrors
  2 elf skeletons (Vaults:3)
  6 freezing wraiths (D:13)
  Maggie (D:10)
  2 hellions
  5 rime drakes
  3 kobold demonologists
  2 ice devils (Orc:2)
  A tormentor (D:11)
  12 komodo dragons
  20 yaktaurs
  A yaktaur skeleton (Vaults:3)
  22 merfolk
  4 trolls
  2 ancient zymes (Abyss:3)
  7 harpy zombies (D:13)
  A spectral naga (Snake:2)
  6 hornets
  5 polar bears
  Grinder (D:6)
  4 wind drakes
  A tarantella (shapeshifter) (Elf:2)
  16 blink frogs
  2 queen bees (shapeshifter)
  8 dream sheep
  7 snapping turtles
  A glass eye (shapeshifter) (Vaults:2)
  A glass eye (Depths:2)
  64 slime creatures
  A jumping spider (Vaults:3)
  A culicivora (shapeshifter) (Elf:2)
  2 hexers
  3 ettin skeletons
  4 shadows
  7 vampires
  A small abomination (Abyss:3)
  A wraith (D:6)
  A culicivora (Vaults:3)
  A ynoxinul (Abyss:3)
  4 spriggans
  4 water elementals
  2 wyverns
  5 fire elementals
  A human (shapeshifter) (Elf:2)
  An elf zombie (Vaults:1)
  A fire bat (Abyss:3)
  15 yaks
  A yak (shapeshifter) (Elf:2)
  A golden eye (Slime:5)
  2 wargs (Orc:2)
  2 redbacks
  4 basilisks
  3 steam dragons
  3 vampire mosquitoes (D:12)
  2 redbacks (shapeshifter) (Elf:2)
  A chaos spawn (D:11)
  24 nagas
  4 acid dragons
  Duvessa (D:7)
  3 hell hounds (D:14)
  16 water moccasins
  An ogre skeleton (Vaults:3)
  7 ice beasts
  47 orc warriors
  A black bear (D:5)
  A sky beast (shapeshifter) (Elf:2)
  An ogre (shapeshifter) (Depths:4)
  A tengu (shapeshifter) (D:13)
  27 wolves
  4 ogres
  3 boggarts (D:14)
  8 centaurs
  A phantom (D:7)
  Blork the orc (D:5)
  3 kobold brigands
  11 bullfrogs
  A human zombie (Vaults:1)
  2 weeping skulls (Abyss:3)
  2 human skeletons (Vaults:3)
  A scorpion (D:5)
  3 wights (D:6)
  Dowan (D:7)
  2 troll zombies (D:9)
  5 killer bees (D:9)
  5 electric eels
  4 howler monkeys
  3 crimson imps (D:10)
  A lava snake (D:10)
  32 orc priests
  5 sleepcaps
  2 bombardier beetles (D:5)
  3 hounds
  A gnoll bouda (D:9)
  An iguana (D:6)
  Crazy Yiuf (D:2)
  3 jellies
  11 orc wizards
  4 ogre zombies (D:9)
  7 gnolls
  3 adders
  2 shadow imps (D:7)
  7 white imps
  2 ufetubi (D:7)
  2 ribbon worms (D:2)
  65 orcs
  5 ball pythons
  5 bats
  5 endoplasms
  2 giant cockroaches
  13 hobgoblins
  3 jackals (D:1)
  17 kobolds
  A quokka (D:4)
  3 frilled lizards
  A gnoll skeleton (D:9)
  2 gnoll zombies (D:9)
  11 goblins
  3 orc skeletons (D:9)
  12 orc zombies (D:9)
  4 rats
  An aspiring flesh (Zot:4)
  5 spectral weapons
  5 starspawn tentacles (Abyss:3)
1761 creatures vanquished.

Vanquished Creatures (collateral kills)
  A dread lich (Zot:5)
  An orb of fire (Zot:4)
  A Killer Klown (Zot:5)
  4 golden dragons
  The ghost of Feesos the Sorcerer, an adept DjFE of Makhleb (Depths:4)
  An electric golem (Zot:3)
  Zenata (Vaults:4)
  A deep elf blademaster (Elf:3)
  8 Orb Guardians (Zot:5)
  2 tentacled monstrosities (Zot:1)
  2 quicksilver dragons
  3 acid blobs
  2 death cobs
  A tentacled starspawn (Abyss:3)
  3 protean progenitors
  3 shadow dragons
  Agnes (D:14)
  A rockslime (Slime:5)
  4 azure jellies
  A draconian scorcher (Zot:2)
  2 draconian monks
  A frost giant (Depths:3)
  A ghost moth (Zot:3)
  3 deep elf sorcerers (Elf:3)
  3 draconian shifters
  5 deep elf elementalists (Elf:3)
  A reaper (Depths:3)
  A juggernaut zombie (Abyss:3)
  2 quicksilver oozes
  A broodmother (Zot:3)
  A demonspawn blood saint (D:11)
  2 formless jellyfish
  3 very ugly things
  An ironbound thunderhulk (Vaults:1)
  A stone giant (Depths:4)
  5 ironbound preservers
  2 deep elf demonologists
  A green draconian (Zot:3)
  2 black draconians
  A purple draconian (Zot:4)
  A deep elf annihilator (Elf:3)
  5 spark wasps
  2 merfolk javelineers (Shoals:4)
  A green death (D:15)
  4 merfolk impalers
  2 ettins
  2 fire dragons
  A deep elf high priest (Elf:3)
  3 great orbs of eyes
  A yaktaur captain (Vaults:1)
  An ice dragon (Depths:4)
  A hydra (Lair:5)
  2 spriggan air magi
  4 anacondas
  2 centaur warriors
  2 boulder beetles
  8 dancing weapons
  A two-headed ogre (D:15)
  A death yak (Lair:5)
  A deep troll shaman (Depths:3)
  A shock serpent (Snake:3)
  4 naga sharpshooters
  5 hell knights
  A naga warrior (Snake:2)
  2 deep elf knights (Elf:2)
  A sun demon (D:11)
  An iron troll (Depths:1)
  A goliath frog (Zot:4)
  2 skysharks
  12 deep trolls
  A skeletal warrior (D:15)
  An arcanist (D:15)
  A glowing orange brain (Depths:3)
  A deep elf archer (Elf:1)
  A mana viper (Snake:4)
  3 deep elf zephyrmancers (Elf:2)
  4 lindwurms
  3 ugly things
  3 deep elf pyromancers
  2 fauns
  A salamander (Snake:1)
  2 harpies
  2 manticores
  An orc sorcerer (Orc:2)
  A shining eye (Slime:4)
  An oklob plant (Lair:4)
  A will-o-the-wisp (Abyss:3)
  19 slime creatures
  A meliai (D:15)
  3 naga magi
  7 elephants
  A water nymph (Shoals:4)
  2 black mambas
  A rust devil (Orc:2)
  2 cane toads
  A komodo dragon (D:9)
  An unseen horror (Abyss:3)
  5 yaktaurs
  A harpy zombie (D:13)
  2 polar bears
  7 merfolk
  2 wind drakes (Shoals:3)
  A blink frog (Lair:1)
  2 dream sheep (Shoals:2)
  A snapping turtle (Shoals:3)
  A glass eye (Slime:5)
  A wyvern (Lair:5)
  A yak (D:9)
  A fire elemental (D:14)
  A steam dragon (Lair:5)
  3 nagas (Snake:4)
  3 water moccasins
  A hell hound (D:14)
  5 orc warriors
  An ice beast (D:9)
  3 black bears
  An ogre (shapeshifter) (D:15)
  3 wolves (Lair:2)
  2 centaurs
  3 kobold brigands
  2 scorpions
  A howler monkey (D:5)
  An electric eel (Bailey)
  A crimson imp (D:10)
  2 bombardier beetles
  4 orc priests
  A scrub nettle (Lair:1)
  An iguana (D:3)
  Terence (D:3)
  An orc wizard (D:8)
  A shadow imp (D:5)
  A ribbon worm (D:3)
  10 orcs
  An endoplasm (D:3)
  A hobgoblin (D:4)
  A frilled lizard (D:3)
  A gnoll zombie (D:9)
  3 kobolds
308 creatures vanquished.

Vanquished Creatures (others)
  Sojobo (Depths:2)
  An Ice Fiend (Zot:3)
  A deep elf blademaster (Elf:3)
  A merfolk aquamancer (Shoals:4)
  A naga sharpshooter (Snake:4)
  A deep elf knight (D:15)
  An orc sorcerer (Orc:2)
  51 hexers
  2 foxfires (Abyss:3)
  73 spectral weapons
  4 starspawn tentacles (Abyss:3)
137 creatures vanquished.

Grand Total: 2206 creatures vanquished

Notes
Turn   | Place    | Note
-------+----------+-------------------------------------------
     0 | D:1      | AutarchDCSS the Draconian Monk began the quest for the Orb.
     0 | D:1      | Reached XP level 1. HP: 19/19 MP: 1/1
   199 | D:1      | Reached XP level 2. HP: 26/26 MP: 2/2
   838 | D:2      | Found a hazy altar of Hepliaklqana.
   980 | D:2      | Became a worshipper of Hepliaklqana the Forgotten
   980 | D:2      | Reached * piety under Hepliaklqana
   980 | D:2      | Reached ** piety under Hepliaklqana
   981 | D:2      | Remembered your ancestor Hexy Lady as a hexer
  1264 | D:2      | Reached XP level 3. HP: 25/29 MP: 3/3
  1430 | D:2      | Found a runed translucent door.
  1430 | D:2      | Found the +6 shillelagh "Devastator" {shatter}
  1431 | D:2      | Noticed Crazy Yiuf
  1737 | D:3      | Noticed Terence
  1737 | D:3      | Reached *** piety under Hepliaklqana
  1742 | D:3      | Killed Terence
  1743 | D:3      | Reached skill level 4 in Fighting
  1743 | D:3      | Noticed a black bear
  1750 | D:3      | Killed a black bear
  1751 | D:3      | Reached skill level 5 in Long Blades
  1751 | D:3      | Reached XP level 4. HP: 36/36 MP: 4/4
  1751 | D:3      | Reached XP level 5. HP: 42/42 MP: 5/5
  2669 | D:4      | Noticed a black bear
  2675 | D:4      | Killed a black bear
  2676 | D:4      | Reached skill level 5 in Fighting
  2676 | D:4      | Reached XP level 6. HP: 45/50 MP: 6/6
  2848 | D:4      | Reached **** piety under Hepliaklqana
  3085 | D:4      | Identified the +7 flail "Wusiulim" {pain, rPois Will- Dex+2
                  | Stlth+}
  3954 | D:5      | Entered Level 5 of the Dungeon
  3963 | D:5      | Your scales start taking on a dull iron-grey colour.
  3963 | D:5      | Reached XP level 7. HP: 54/54 MP: 7/7
  4139 | D:2      | Killed Crazy Yiuf
  4481 | D:5      | Reached skill level 1 in Maces & Flails
  4601 | D:5      | Noticed Blork the orc
  4606 | D:5      | Killed Blork the orc
  4607 | D:5      | Reached XP level 8. HP: 61/61 MP: 8/8
  4811 | D:5      | Found Gajiy's Weapon Shoppe.
  4887 | D:6      | Reached skill level 5 in Dodging
  4962 | D:6      | Reached ***** piety under Hepliaklqana
  5001 | D:6      | Reached skill level 5 in Maces & Flails
  5108 | D:6      | Found Colerad's Jewellery Shoppe.
  5316 | D:6      | Reached XP level 9. HP: 66/66 MP: 9/9
  5363 | D:6      | Found a staircase to the Ecumenical Temple.
  5523 | D:6      | Noticed Grinder
  5527 | D:6      | Killed Grinder
  5797 | D:7      | Noticed Duvessa
  5797 | D:7      | Noticed Dowan
  5804 | D:7      | Killed Dowan
  5804 | D:7      | Killed Duvessa
  5805 | D:7      | Reached skill level 6 in Fighting
  5975 | D:7      | Reached skill level 7 in Fighting
  6186 | D:7      | Reached skill level 8 in Fighting
  6447 | D:8      | Found Mosizo's Antique Armour Shop.
  6456 | D:8      | Found the +8 trident of the Octopus King {venom, rElec
                  | rPois}
  6492 | D:8      | Noticed Erica
  6495 | D:8      | Killed Erica
  6496 | D:8      | Reached skill level 9 in Fighting
  6508 | D:8      | Reached skill level 10 in Fighting
  6508 | D:8      | Reached XP level 10. HP: 45/83 MP: 10/10
  7849 | D:9      | Found a staircase to the Orcish Mines.
  8424 | D:9      | Found a staircase to the Lair.
  8544 | D:9      | Reached skill level 10 in Dodging
  8550 | D:9      | Reached XP level 11. HP: 68/89 MP: 11/11
  8998 | D:10     | Entered Level 10 of the Dungeon
  9064 | D:10     | Found a hide-covered altar of Uskayaw.
  9100 | D:10     | Found a flagged portal.
  9110 | Bailey   | Entered a bailey
  9940 | Bailey   | Found an iron altar of Okawaru.
  9949 | Bailey   | Reached skill level 10 in Long Blades
 10018 | Bailey   | Identified the +1 mace "Veok" {vamp, rPois rF+ Int-4}
 10432 | Bailey   | Noticed an orc knight
 10444 | Bailey   | Killed an orc knight
 10656 | D:10     | Noticed Maggie
 10662 | D:10     | Killed Maggie
 10715 | D:10     | Reached ****** piety under Hepliaklqana
 11092 | D:11     | Noticed a deep elf pyromancer
 11097 | D:11     | Killed a deep elf pyromancer
 11282 | D:11     | Noticed a boulder beetle
 11314 | D:11     | Killed a boulder beetle
 11802 | Lair:1   | Entered Level 1 of the Lair of Beasts
 11923 | D:9      | Reached XP level 12. HP: 78/95 MP: 12/12
 11972 | D:9      | Acquired the +4 double sword "Hyufat" {spect, rElec rF+}
 13422 | Lair:1   | Reached skill level 15 in Long Blades
 13775 | Lair:2   | Found a gate leading to a gauntlet.
 13787 | Gauntlet | Entered a Gauntlet
 13787 | Gauntlet | Found a transporter.
 13837 | Gauntlet | Found a transporter.
 13840 | Gauntlet | Found a transporter.
 13856 | Gauntlet | Found a transporter.
 13857 | Gauntlet | Found a transporter.
 13870 | Gauntlet | Found a transporter.
 13889 | Gauntlet | Found a transporter.
 13894 | Gauntlet | Found a transporter.
 13915 | Gauntlet | Found a transporter.
 13920 | Gauntlet | Found a transporter.
 13935 | Gauntlet | Found a transporter.
 13938 | Gauntlet | Found a transporter.
 13971 | Gauntlet | Found a transporter.
 13971 | Gauntlet | Noticed a ghost crab
 13976 | Gauntlet | Found a transporter.
 14414 | Gauntlet | Identified the +0 pair of gloves "Houn" {-Cast rElec
                  | Regen+}
 14492 | Gauntlet | Noticed a minotaur
 14522 | Gauntlet | Killed a minotaur
 14701 | Gauntlet | Identified the +5 rapier "Waottogh" {speed, Will+ MP-9
                  | Dex+4}
 14757 | Lair:2   | Noticed Gastronok
 14901 | Lair:1   | Upgraded the game from 0.32-a0-520-g344ed53f66 to
                  | 0.32-a0-540-g866d13106e
 14925 | Lair:2   | Killed Gastronok
 15036 | Lair:2   | Reached XP level 13. HP: 102/102 MP: 13/13
 15048 | Lair:2   | Found a staircase to the Shoals.
 15479 | Lair:2   | Found a staircase to the Snake Pit.
 15661 | Lair:3   | Reached skill level 11 in Fighting
 16720 | D:6      | Bought an amulet of regeneration for 330 gold pieces
 16904 | Lair:4   | Reached skill level 12 in Fighting
 17254 | Lair:4   | Reached skill level 13 in Fighting
 17285 | Lair:4   | Found the +8 demon blade "Leech" {evervamp, Harm ^Drain
                  | rN+}
 17437 | Lair:4   | Identified the +1 trident "Coyraxogg" {drain, Will++}
 17482 | Lair:4   | Found a viscous altar of Jiyva.
 17786 | Lair:5   | Entered Level 5 of the Lair of Beasts
 17793 | Lair:5   | Reached skill level 1 in Evocations
 17825 | Lair:5   | Reached XP level 14. HP: 92/116 MP: 14/14
 18108 | Lair:5   | Reached skill level 5 in Evocations
 18304 | Lair:5   | Reached skill level 1 in Invocations
 18401 | Lair:5   | Reached skill level 5 in Invocations
 18891 | Orc:1    | Entered Level 1 of the Orcish Mines
 19098 | Orc:2    | Entered Level 2 of the Orcish Mines
 19198 | Orc:2    | Found Olafae's Magic Scroll Emporium.
 19205 | Orc:2    | Found Unwirena's General Store.
 19974 | Orc:2    | Noticed an orc warlord
 20001 | Orc:2    | Killed an orc warlord
 20164 | Orc:2    | Reached skill level 14 in Fighting
 20203 | Orc:2    | Found a staircase to the Elven Halls.
 20426 | Orc:2    | Reached XP level 15. HP: 108/124 MP: 20/20
 20430 | Orc:2    | Found Qephuwur's Antique Armour Shop.
 20430 | Orc:2    | Found Dayladd's Book Boutique.
 20432 | Orc:2    | Found a one-way gate leading to the halls of Pandemonium.
 20474 | Orc:2    | Bought a lightning rod (4/4) for 520 gold pieces
 20474 | Orc:2    | Bought a potion of resistance for 130 gold pieces
 20474 | Orc:2    | Bought a scroll of identify for 26 gold pieces
 20796 | D:12     | Found Darphem's Magic Scroll Shop.
 20801 | D:12     | Bought a scroll of blinking for 97 gold pieces
 20833 | D:12     | Bought a scroll of identify for 26 gold pieces
 20833 | D:12     | Bought a scroll of identify for 26 gold pieces
 20833 | D:12     | Bought a scroll of identify for 26 gold pieces
 21415 | D:13     | Reached skill level 15 in Fighting
 22120 | D:13     | Noticed Jorgrun
 22134 | D:13     | Killed Jorgrun
 22135 | D:13     | Reached skill level 15 in Dodging
 23155 | D:14     | Noticed Azrael
 23167 | D:14     | Noticed Agnes
 23173 | D:14     | Killed Agnes
 23605 | D:14     | Found a transporter.
 23745 | D:14     | Found a transporter.
 23925 | D:14     | Noticed Snorg
 23936 | D:14     | Killed Snorg
 23969 | D:14     | Noticed a rockslime
 23971 | D:14     | Found a viscous altar of Jiyva.
 24076 | D:14     | Found a transporter.
 24081 | D:14     | Killed Azrael
 24101 | D:14     | Reached XP level 16. HP: 118/134 MP: 21/21
 24116 | D:14     | Reached skill level 10 in Evocations
 24126 | D:14     | Found a gate to the Vaults.
 24143 | D:14     | Found a transporter.
 24144 | D:14     | Found a transporter.
 24145 | D:14     | Noticed an acid blob
 24192 | D:14     | Found a transporter.
 24367 | Snake:1  | Entered Level 1 of the Snake Pit
 24622 | Snake:1  | Found a glowing golden altar of the Shining One.
 24627 | Snake:1  | Identified the +6 war axe of Fiol {spect, rElec rC+ rN+
                  | Stlth-}
 24668 | Snake:1  | Identified the serpent talisman of Hadjma {rN+}
 24668 | Snake:1  | Noticed Aizul
 24692 | Snake:1  | Killed Aizul
 25923 | Snake:2  | Found Eraneoka's Assorted Antiques.
 26807 | Snake:3  | Found Niuj's Firing Range.
 26990 | Snake:3  | Found Mimpaoju's Assorted Antiques.
 26998 | Snake:3  | Reached skill level 1 in Shields
 27265 | Snake:2  | Bought a buckler for 94 gold pieces
 27350 | Snake:4  | Entered Level 4 of the Snake Pit
 27350 | Snake:4  | Noticed Nikola
 27493 | Snake:4  | Noticed Vashnia
 28784 | Snake:4  | Killed Vashnia
 28785 | Snake:4  | Reached skill level 5 in Shields
 29050 | Snake:4  | Reached XP level 17. HP: 88/140 MP: 22/22
 30473 | Snake:4  | Killed Nikola
 30770 | Snake:4  | Reached skill level 10 in Shields
 31461 | Snake:4  | Got a serpentine rune of Zot
 31656 | Shoals:1 | Entered Level 1 of the Shoals
 32114 | Shoals:1 | Got the Papyrus of Combined Fascination
 33396 | Shoals:3 | Reached XP level 18. HP: 130/146 MP: 23/23
 33483 | Shoals:3 | Noticed Polyphemus
 33496 | Shoals:3 | Killed Polyphemus
 34049 | Shoals:3 | Found a runed translucent gate.
 34049 | Shoals:3 | Found a runed translucent gate.
 34049 | Shoals:3 | Found a runed translucent gate.
 34055 | Shoals:3 | Noticed Xacloem's ghost (adept OnFE)
 34464 | Shoals:4 | Entered Level 4 of the Shoals
 34784 | Shoals:4 | Reached skill level 15 in Shields
 34858 | Shoals:4 | Found a white marble altar of Elyvilon.
 35859 | Shoals:4 | Identified the +1 rapier of Qazlal {holy, Will+}
 36018 | Shoals:4 | Identified the -2 buckler "Tuinan" {rCorr Str+5}
 36433 | Shoals:4 | Found a glowing silver altar of Zin.
 36649 | Shoals:4 | Found a glowing golden altar of the Shining One.
 36678 | Shoals:4 | Identified the staff of Dunauczo {rN+ rCorr Str+5 Necro}
 36936 | Shoals:4 | Got a barnacled rune of Zot
 37350 | Elf:1    | Entered Level 1 of the Elven Halls
 38029 | Elf:1    | Got the Meditations on Conjuring
 39010 | Elf:2    | Reached XP level 19. HP: 136/153 MP: 24/24
 39252 | Elf:2    | Got the Vademecum on the Crucible
 39307 | Elf:2    | Found Ilubixzilu's Assorted Antiques.
 39312 | Elf:2    | Bought a scroll of blinking for 225 gold pieces
 39639 | Elf:2    | Found a runed translucent gate.
 39640 | Elf:2    | Found a runed translucent gate.
 39640 | Elf:2    | Found a runed translucent gate.
 39743 | Elf:2    | Reached skill level 16 in Fighting
 40564 | D:15     | Entered Level 15 of the Dungeon
 40724 | D:15     | Reached skill level 17 in Fighting
 40777 | D:15     | Found an ancient bone altar of Kikubaaqudgha.
 41012 | D:15     | Found a staircase to the Depths.
 41216 | Vaults:1 | Entered Level 1 of the Vaults
 41242 | Vaults:1 | Paralysed by a formless jellyfish for 1 turns
 41351 | Vaults:1 | Reached skill level 18 in Fighting
 42062 | Vaults:1 | Found Unel's Assorted Antiques.
 42501 | Vaults:1 | Reached skill level 19 in Fighting
 42908 | Abyss:3  | Cast into level 3 of the Abyss (a deep elf demonologist)
 42990 | Abyss:3  | Reached XP level 20. HP: 171/171 MP: 25/25
 43057 | Abyss:3  | Noticed a bone dragon
 43075 | Abyss:3  | Killed a bone dragon
 43266 | Abyss:3  | Found a corrupted altar of Lugonu.
 43298 | Vaults:1 | Escaped the Abyss
 43304 | Vaults:1 | Reached skill level 20 in Fighting
 43944 | Vaults:1 | Acquired the ring "Sagous" {rPois rCorr SInv}
 44013 | Vaults:1 | Found Etopy's Assorted Antiques.
 44023 | Vaults:1 | Bought a potion of heal wounds for 160 gold pieces
 44027 | Vaults:1 | Found Uxeyga's Armour Boutique.
 45096 | Vaults:3 | Found a staircase to the Crypt.
 45242 | Vaults:3 | Found Erhesas's Assorted Antiques.
 45250 | Vaults:3 | Bought a scroll of teleportation for 108 gold pieces
 45401 | Vaults:3 | Identified the +3 sling of the Past {speed, rC+}
 45527 | Vaults:3 | Found a roughly hewn altar of Beogh.
 46202 | Vaults:3 | Reached XP level 21. HP: 166/180 MP: 26/26
 47247 | Vaults:4 | Reached skill level 1 in Throwing
 47474 | Vaults:4 | Noticed Zenata
 47478 | Vaults:4 | Killed Zenata
 47898 | Vaults:4 | Reached skill level 5 in Throwing
 48651 | Elf:3    | Entered Level 3 of the Elven Halls
 48655 | Elf:3    | Learned a level 2 spell: Blink
 48769 | Elf:3    | Reached skill level 1 in Translocations
 48779 | Elf:3    | Reached skill level 1 in Spellcasting
 49915 | Elf:3    | Reached skill level 5 in Translocations
 50670 | Elf:3    | Identified the staff "Isherus" {Fly Dex+2 Hexes Earth}
 50727 | Elf:3    | Got the Parchment of Shining Ashes
 50732 | Elf:3    | Identified the +6 mace of Freehold {freeze, rPois rN+ Dex-5
                  | Stlth+}
 50735 | Elf:3    | Identified the +5 scimitar "Zun Sust" {drain, rPois Int+2}
 50743 | Elf:3    | Identified the +11 great sword of Yptic {freeze, *Noise
                  | MP+9 Str+4}
 50760 | Elf:3    | Identified the ring "Yteew" {Fly rC- rCorr Str+5}
 50769 | Elf:3    | Identified the +6 dagger of Cozxahan {vamp, Will++}
 51673 | Snake:3  | Bought a scroll of enchant armour for 217 gold pieces
 51673 | Snake:3  | Bought a scroll of enchant armour for 217 gold pieces
 52077 | Depths:1 | Entered Level 1 of the Depths
 52202 | Depths:1 | Found Hexyeguz's Jewellery Shoppe.
 52202 | Depths:1 | Found Iskiwaim's Distillery.
 52483 | Depths:1 | Reached XP level 22. HP: 187/188 MP: 28/28
 54197 | Depths:1 | Found a gateway to Hell.
 54490 | Depths:2 | Found a one-way gate to the infinite horrors of the Abyss.
 54570 | Depths:2 | Noticed a golden dragon
 54571 | Depths:2 | Noticed Sojobo
 54580 | Depths:2 | Killed a golden dragon
 54591 | Depths:2 | Killed Sojobo
 55255 | Depths:2 | Noticed a golden dragon
 55268 | Depths:2 | Killed a golden dragon
 55269 | Depths:2 | Reached skill level 10 in Throwing
 55693 | Depths:2 | Noticed a golden dragon
 55705 | Depths:2 | Killed a golden dragon
 56642 | Depths:3 | Found a one-way gateway to a ziggurat.
 57067 | Depths:3 | Found Nanadgha's Book Emporium.
 57067 | Depths:3 | Found Kureun's Jewellery Boutique.
 57068 | Depths:3 | Found Woutadghu's Book Emporium.
 57645 | Depths:4 | Entered Level 4 of the Depths
 57645 | Depths:4 | Noticed a golden dragon
 57649 | Depths:3 | Killed a golden dragon
 58473 | Depths:4 | Noticed Feesos's ghost (adept DjFE)
 58642 | Depths:4 | Found a gate to the Realm of Zot.
 59555 | Depths:4 | Reached XP level 23. HP: 193/193 MP: 29/29
 59780 | Depths:4 | Found a runed translucent gate.
 59780 | Depths:4 | Found a runed translucent gate.
 59852 | Depths:4 | Found a runed translucent gate.
 60020 | Depths:4 | Killed Feesos's ghost
 60861 | Lair:4   | Found a staircase to the Slime Pits.
 61188 | Slime:1  | Entered Level 1 of the Pits of Slime
 61554 | Slime:2  | Gained mutation: You are occasionally teleported next to
                  | monsters. [a shining eye]
 61557 | Slime:2  | Gained mutation: Your body sometimes deteriorates upon
                  | taking damage. [a shining eye]
 61561 | Slime:2  | Gained mutation: Your muscles are strong. (Str +4, Int/Dex
                  | -1) [a shining eye]
 61571 | Slime:1  | Lost mutation: You are occasionally teleported next to
                  | monsters. [potion of mutation]
 61571 | Slime:1  | Lost mutation: Your muscles are strong. (Str +4, Int/Dex
                  | -1) [potion of mutation]
 61571 | Slime:1  | Gained mutation: You are dopey. (Int -2) [potion of
                  | mutation]
 61571 | Slime:1  | Gained mutation: You possess an exceptional clarity of
                  | mind. [potion of mutation]
 62513 | Slime:4  | Gained mutation: You are very dopey. (Int -4) [a shining
                  | eye]
 62702 | Slime:5  | Entered Level 5 of the Pits of Slime
 63720 | Slime:5  | Noticed the Royal Jelly
 63731 | Slime:5  | Killed the Royal Jelly
 64222 | Slime:5  | Identified the +3 sling of the Lonely Spines {elec, rF+ rN+
                  | rCorr Stlth+}
 64642 | Slime:5  | Got a slimy rune of Zot
 64668 | Slime:5  | Got the Encyclopedia of Ill-starred Fumes
 64669 | Slime:5  | Identified the staff of Termination {rElec rC- Int+4 Dex+4
                  | Hexes Air}
 64679 | Slime:5  | Got Satit's Codex of Ensorcelling
 64911 | Slime:5  | Identified the +4 flail of Bison {flame, *Noise *Corrode
                  | rPois rC+ rN++}
 64920 | Slime:5  | Identified the +1 mace "Quf Byor" {spect, rElec rC- Will+
                  | Stlth+}
 64995 | Slime:5  | Gained mutation: You do not regenerate when monsters are
                  | visible. [a shining eye]
 66154 | Depths:1 | Bought a potion of mutation for 104 gold pieces
 66154 | Depths:1 | Bought 2 potions of resistance for 260 gold pieces
 66154 | Depths:1 | Bought a potion of heal wounds for 65 gold pieces
 66154 | Depths:1 | Lost mutation: You are very dopey. (Int -4) [potion of
                  | mutation]
 66154 | Depths:1 | Lost mutation: You possess an exceptional clarity of mind.
                  | [potion of mutation]
 66154 | Depths:1 | Lost mutation: Your body sometimes deteriorates upon taking
                  | damage. [potion of mutation]
 66154 | Depths:1 | Lost mutation: You do not regenerate when monsters are
                  | visible. [potion of mutation]
 66154 | Depths:1 | Lost mutation: You are dopey. (Int -2) [potion of mutation]
 66154 | Depths:1 | Gained mutation: You occasionally shout uncontrollably at
                  | your foes. [potion of mutation]
 66154 | Depths:1 | Gained mutation: You have a pair of small antennae on your
                  | head. [potion of mutation]
 66258 | Zot:1    | Entered Level 1 of the Realm of Zot
 67698 | Zot:1    | Noticed a curse toe
 68170 | Zot:1    | Killed a curse toe
 68171 | Zot:1    | Reached XP level 24. HP: 52/201 MP: 29/29
 68296 | Zot:1    | Acquired the +8 autumn katana {manifold assault}
 68296 | Zot:1    | Found the +8 autumn katana {manifold assault}
 68651 | Zot:2    | Found a sparkling altar of Nemelex Xobeh.
 69695 | Zot:3    | Reached skill level 21 in Fighting
 70072 | Zot:4    | Noticed an orb of fire
 70080 | Zot:4    | Killed an orb of fire
 70421 | Zot:4    | Reached skill level 22 in Fighting
 71788 | Zot:4    | Reached skill level 23 in Fighting
 72782 | Zot:5    | Entered Level 5 of the Realm of Zot
 72849 | Zot:5    | Reached XP level 25. HP: 219/219 MP: 29/29
 73702 | Vaults:1 | Bought a potion of resistance for 490 gold pieces
 74051 | Elf:2    | Bought a scroll of summoning for 285 gold pieces
 74051 | Elf:2    | Bought a scroll of fog for 120 gold pieces
 74051 | Elf:2    | Bought a potion of curing for 90 gold pieces
 74688 | Zot:5    | Reached skill level 24 in Fighting
 74899 | Zot:5    | Noticed a dread lich
 74922 | Zot:5    | Killed a dread lich
 74928 | Zot:5    | Noticed a Killer Klown
 74929 | Zot:5    | Noticed a Killer Klown
 74943 | Zot:5    | Killed a Killer Klown
 74949 | Zot:5    | Killed a Killer Klown
 75176 | Zot:5    | Noticed an orb of fire
 75187 | Zot:5    | Killed an orb of fire
 76155 | Zot:5    | Reached skill level 25 in Fighting
 76194 | Zot:5    | Got the Orb of Zot
 76284 | Zot:3    | Noticed Xoma the pandemonium lord
 76578 | D:13     | Noticed a seraph
 76744 | D:6      | Noticed Qothep the pandemonium lord
 76854 | D:1      | Noticed Jusk the pandemonium lord
 76903 | D:$      | Escaped with the Orb!

Illustrated notes

Levels and vault maps discovered:
D:1:      saegor_arrival_under_anarchy, layout_rooms, minmay_misc_feat_cross,
          kennysheep_pointless_box
D:2:      layout_loops_corners, basic_altar, uniq_crazy_yiuf_cottage
D:3:      layout_basic, uniq_terence
D:4:      cheibrodos_thug_alley, layout_loops_ring
D:5:      layout_rooms, serial_shops, nicolae_shop_bloodbath_and_beyond,
          uniq_blork_the_orc
D:6:      layout_basic, temple_fountains, skrybe_limestone_x,
          nicolae_stop_n_shop_1, uniq_grinder
D:7:      layout_basic, uniq_duvessa
D:8:      layout_basic, serial_co_window_serial, co_window_paths_a,
          co_window_paths_b, co_window_corner_a, co_window_corner_a,
          co_window_cross_1, co_window_corner_b, co_window_unsneaky_path_a,
          co_window_unsneaky_path_b, co_window_of_opportunity_b,
          co_window_paths_c, co_window_paths_e, glass_columns_a,
          glass_columns_a, glass_columns_a, amcnicky_mini_rare_corridor_liquid,
          nicolae_stop_n_shop_1, minmay_misc_feat_encased,
          small_statue_intersection, uniq_erica
D:9:      layout_roguey, hellmonk_lair_entry_icy, zombieorc1_lemuel
D:10:     layout_gridville, nicolae_uskayaw_suspiria, enter_bailey_6,
          minmay_fire_ice_demons, uniq_maggie
D:11:     layout_long_grid, chequers_serial_rivers_small_a
D:12:     layout_irregular_city, serial_shops, nicolae_shop_just_a_little_nook
D:13:     bobbens_index_wilting_gardens, layout_irregular_city, uniq_jorgrun
D:14:     gammafunk_jiyva_shrine, layout_basic, erik_vaults_1,
          grunt_decor_arrowhead, minmay_crystal_room,
          nicolae_transporter_intersection, uniq_azrael, uniq_agnes, uniq_snorg
D:15:     grunt_enter_depths_snipers, layout_cave_pools,
          kiku_gazebo_pond_becter, serial_glass, glass_columns_b,
          glass_columns_a, glass_columns_a, glass_columns_b, glass_columns_a,
          glass_columns_c, glass_columns_b, glass_columns_a, glass_columns_b,
          glass_columns_a, glass_columns_a, glass_columns_b, glass_columns_c,
          glass_columns_c, feat_on_display
Lair:1:   layout_roguey, evilmike_ambush [evilmike_ambush_outer_basic,
          evilmike_ambush_inner_pond], infiniplex_staircase_pool,
          grunt_megastairs_4
Lair:2:   layout_gridlike, shoals_dummy_entry, dummy_snake_entry,
          gauntlet_entry_generic, uniq_gastronok
Lair:3:   layout_regular_city, lemuel_fruit_fields, grunt_megastairs_1
Lair:4:   layout_layer_cave, minmay_slime_entry_oklob_enclosed,
          dreamdust_deal_with_the_devil, serial_bayou_shore_a,
          serial_bayou_shore_b, lemuel_fruit_tree
Lair:5:   gammafunk_lair_ancient_temple, layout_hall_layers
Shoals:1: layout_shoals
Shoals:2: layout_shoals
Shoals:3: layout_shoals, gammafunk_ghost_necromancy, uniq_polyphemus
Shoals:4: shoals_end_hellmonk_holy_island
Snake:1:  layout_misc_corridors, basic_altar, st_stairs_3, grunt_ministairs_5,
          uniq_aizul
Snake:2:  layout_onion, serial_shops, nicolae_shop_back_alley_shop,
          nicolae_snake_ghostly_warrior_ritual, grunt_megastairs_3
Snake:3:  layout_cave_shapes, serial_shops, shop,
          serial_library_regret_index_small_wings, nicolae_shop_firing_range
Snake:4:  snake_pit_salamanders_mu, layout_misc_corridors, serial_bayou_shore_b,
          serial_bayou_shore_b, uniq_vashnia, uniq_nikola
Slime:1:  layout_caves
Slime:2:  layout_caves
Slime:3:  layout_caves
Slime:4:  layout_caves
Slime:5:  slime_pit_nicolae_trefoil
Orc:1:    layout_caves
Orc:2:    pf_orc_diabolical, layout_caves
Elf:1:    eino_elf_arrival_the_gate, layout_loops_cross, minmay_elf_annihilation
Elf:2:    nicolae_elf_blades_crystal_corner, layout_gridlike, serial_shops,
          nicolae_shop_rolling_square, nicolae_elf_shapeshifter_party
Elf:3:    minmay_elf_hall_four_x, layout_onion_city
Vaults:1: vaults_dpeg_encased_lava, st_eye, hangedman_vaults_trim, v_misc_14,
          nicolae_vaults_storage_room_glass, v_rooms_5,
          nicolae_vaults_heart-shaped_vault, v_misc_28,
          ontoclasm_vaults_gateway, grunt_vaults_focal, layout_vaults_omnigrid,
          serial_shops, nicolae_shop_crystal, shop, shop
Vaults:2: nicolae_vaults_big_ls, kb_rosetta, ontoclasm_vaults_chip,
          nicolae_vaults_specimen_jars, vaults_mumra_chevron,
          hangedman_vaults_impose, nicolae_vaults_two_Ls,
          layout_vaults_maze_snakey
Vaults:3: special_room_vaults [special_room_orc], nicolae_vaults_tetromino_Z_2,
          minmay_crypt_entry_skeletal_spiral, nicolae_vaults_network_quincunx
          [nicolae_vaults_network_quincunx_subvault,
          nicolae_vaults_network_quincunx_subvault,
          nicolae_vaults_network_quincunx_subvault,
          nicolae_vaults_network_quincunx_subvault,
          nicolae_vaults_network_quincunx_subvault], hangedman_vaults_nails,
          hangedman_vaults_nails, v_misc_11, vaults_standard_mumra_lines,
          vaults_room_door_hall, nicolae_vaults_house_3,
          nicolae_vaults_trapezoid_lopsided_1, ontoclasm_vaults_decontamination,
          layout_vaults_omnicross, serial_shops, nicolae_shop_statue_plus
Vaults:4: nicolae_vaults_closet_pinwheel_4, ontoclasm_vaults_shuriken,
          nicolae_vaults_six-pack, v_misc_31, nicolae_vaults_network_periphery,
          nicolae_vaults_steering_wheel, v_misc_3, ontoclasm_vaults_twist,
          ontoclasm_vaults_bender, vaults_room_pool, layout_vaults_omnibox,
          uniq_zenata
Depths:1: layout_honeycomb, hangedman_decor_clover_reticule, lightli_too_deep,
          kennysheep_generic_room_5, serial_bayou_shore_b, minmay_shoptagon
Depths:2: kennysheep_oblong_rooms, layout_honeycomb, pf_hell_entry_tar_spiral,
          abyss_entry, rand_demon_pan_entry_5, minmay_misc_feat_tiny,
          uniq_sojobo
Depths:3: nicolae_cairo_tiling_large_dashed, layout_cave_pools,
          enter_ziggurat_d, abyss_entry, pf_dread_powers_of_hell,
          grunt_pan_entry_sceptre, minmay_staircase_windowed_large,
          minmay_shop_grove
Depths:4: evilmike_zot_entry_diamond, layout_basic, pf_coc_iceberg,
          hellmonk_ghost_time_enough, pan_entry, hangedman_decor_points
Zot:1:    layout_gridlike
Zot:2:    layout_gridlike, regret_index_zotdec_glowing_original
Zot:3:    layout_cellular_growth
Zot:4:    layout_basic
Zot:5:    layout_basic, grunt_ministairs_8, regret_index_zotdec_stipple_waver

Skill      XL: |  1  2  3  4  5  6  7  8  9 10 11 12 13 14 15 16 17 18 19 20 21 22 23 24 25 |
---------------+----------------------------------------------------------------------------+-----
Fighting       | 4 5 10 13 14 15 19 20 23 25 | 25.6
Long Blades    | 5 7 8 13 16 17 18 | 18.3
Maces & Flails | 4 6 7 |  7.0
Dodging        | 3 6 10 12 13 15 17 19 20 | 20.1
Evocations     | 3 6 9 10 | 10.0
Invocations    | 7 |  7.0
Shields        | 5 13 17 18 23 24 | 24.0
Throwing       | 5 13 14 | 14.0
Translocations | 6 |  6.0
Spellcasting   | 4 |  4.0

Action                     |  1- 3 |  4- 6 |  7- 9 | 10-12 | 13-15 | 16-18 | 19-21 | 22-24 | 25-27 || total
---------------------------+-------+-------+-------+-------+-------+-------+-------+-------+-------++-------
  Melee: Falchion          |    76 |    97 |     9 |       |       |       |       |       |       ||   182
         Tailslap          |     8 |    17 |    22 |    84 |   230 |   287 |   369 |   509 |    62 ||  1588
         Shillelagh        |       |       |   107 |   385 |       |       |       |       |       ||   492
         Double sword      |       |       |       |    36 |   334 |  1061 |  1356 |  1066 |       ||  3853
         Scimitar          |       |       |       |       |    18 |       |       |       |       ||    18
         Demon blade       |       |       |       |       |   624 |   251 |       |       |       ||   875
         Katana            |       |       |       |       |       |       |       |   758 |   293 ||  1051
  Throw: Throwing net      |       |       |       |     1 |       |       |       |       |       ||     1
         Boomerang         |       |       |       |       |       |       |       |    48 |       ||    48
         Javelin           |       |       |       |       |       |       |       |    23 |       ||    23
 Invoke: Ancestor Life: He |     1 |       |       |       |       |       |       |       |       ||     1
         Recall Ancestor   |       |       |       |     5 |     4 |    11 |     4 |     1 |     4 ||    29
         Idealise          |       |       |       |     1 |       |     1 |     2 |     1 |       ||     5
         Ancestor Identity |       |       |       |       |       |     1 |       |       |       ||     1
  Evoke: Wand              |       |       |       |     1 |     4 |     9 |       |     1 |     4 ||    19
         Condenser vane    |       |       |       |     1 |     1 |     1 |     1 |     1 |       ||     5
         Phantom mirror    |       |       |       |     1 |       |       |     1 |     1 |       ||     3
         Sack of spiders   |       |       |       |       |       |     2 |       |       |     1 ||     3
         Lightning rod     |       |       |       |       |       |       |     4 |     3 |       ||     7
    Use: Scroll            |       |       |       |    24 |     9 |     5 |    10 |    19 |     7 ||    74
         Potion            |       |       |       |     3 |       |     5 |     3 |    10 |     8 ||    29
   Stab: Confused          |       |     6 |     4 |    17 |    18 |    32 |    61 |    81 |     6 ||   225
         Distracted        |       |     1 |     2 |     7 |    29 |    38 |    29 |    42 |     7 ||   155
         Held in net/web   |       |       |       |     1 |       |       |       |       |     1 ||     2
         Paralysed         |       |       |       |       |    11 |   104 |   143 |   111 |     2 ||   371
         Sleeping          |       |       |       |       |       |     1 |     1 |     4 |       ||     6
         Invisible         |       |       |       |       |       |       |       |       |     1 ||     1
 Armour: Skin              |    29 |    42 |    57 |   277 |   502 |   580 |   325 |   349 |    59 ||  2220
  Dodge: Dodged            |    40 |    53 |    56 |   409 |   774 |   793 |   436 |   539 |    80 ||  3180
         Repelled          |     3 |       |     1 |    10 |       |       |       |       |       ||    14
  Block: Buckler           |       |       |       |       |       |    63 |       |       |       ||    63
         Kite shield       |       |       |       |       |       |   415 |   213 |       |       ||   628
         Tower shield      |       |       |       |       |       |       |   818 |  1619 |   296 ||  2733

Table legend: (Time is in decaauts)
 A = Elapsed time spent in this place.
 B = Non-inter-level travel time spent in this place.
 C = Inter-level travel time spent in this place.
 D = Time resting spent in this place.
 E = Time spent auto-exploring this place.
 F = Levels seen in this place.
 G = Mean time per level.
                   A        B        C        D        E       F      G
               +--------+--------+--------+--------+--------+-----+--------+
         Total |  76011 |  68036 |   7975 |  25189 |  29312 |  54 | 1407.6 |
       Dungeon |  18325 |  15149 |   3176 |   3499 |   9214 |  15 | 1221.7 |
          Lair |   5721 |   4889 |    832 |    933 |   2929 |   5 | 1144.2 |
        Shoals |   5446 |   5287 |    159 |   1842 |   2220 |   4 | 1361.5 |
     Snake Pit |   7551 |   6768 |    783 |   3142 |   2385 |   4 | 1887.8 |
    Slime Pits |   4587 |   4492 |     95 |   2830 |   1039 |   5 |  917.4 |
  Orcish Mines |   1944 |   1459 |    485 |    351 |    688 |   2 |  972.0 |
   Elven Halls |   6022 |   5467 |    555 |   2409 |   1694 |   3 | 2007.3 |
        Vaults |   7064 |   6747 |    317 |   1682 |   3572 |   4 | 1766.0 |
        Depths |   8523 |   7760 |    763 |   3833 |   2740 |   4 | 2130.8 |
           Zot |   8074 |   7270 |    804 |   3304 |   2382 |   5 | 1614.8 |
         Abyss |    388 |    388 |      0 |     77 |    181 |   1 |  388.0 |
        Bailey |   1453 |   1453 |      0 |    794 |    267 |   1 | 1453.0 |
      Gauntlet |    910 |    910 |      0 |    490 |      0 |   1 |  910.0 |
               +--------+--------+--------+--------+--------+-----+--------+

Top non-repeatable levels by time:
 Snake:4: 3115 daAuts
Depths:3: 3108 daAuts
 Slime:5: 3052 daAuts
   Elf:3: 2864 daAuts
     D:9: 2683 daAuts
Vaults:1: 2599 daAuts
    D:13: 2447 daAuts
 Snake:3: 2218 daAuts
   Zot:5: 2184 daAuts
Vaults:3: 2091 daAuts
Shoals:3: 2035 daAuts
Depths:4: 1975 daAuts
   Zot:3: 1956 daAuts
Depths:1: 1734 daAuts
Depths:2: 1704 daAuts
